 Dungeon Crawl Stone Soup version 0.17-a0-1105-gbe8b664 (webtiles) character file.

5 Hanyuu the Insei (level 1, 0/13 HPs)
             Began as an Octopode Transmuter on May 22, 2015.
             Slain by a giant gecko (5 damage)
             ... on level 1 of the Dungeon.
             The game lasted 00:00:50 (166 turns).

Hanyuu the Insei (Octopode Transmuter)               Turns: 166, Time: 00:00:52

Health: 0/13       AC:  1    Str:  9    XL:     1   Next: 80%
Magic:  2/3        EV: 12    Int: 15    God:
Gold:   24         SH:  0    Dex: 12    Spells: 1 memorised, 3 levels left

rFire  . . .     SeeInvis .       - Unarmed
rCold  . . .     Clarity  .     (no shield)
rNeg   . . .     SustAb   .     (helmet restricted)
rPois  .         Gourm    +     e - amulet of the gourmand
rElec  .         Spirit   .     d - ring of teleport control
rCorr  .         Warding  .     f - ring of flight
rMut   .         Stasis   .     (no ring)
MR     .....                    (no ring)
Stlth  ++........               (no ring)
                                (no ring)
                                (no ring)
                                (no ring)

@: appendage (expiring), not resistant to hostile enchantments, unstealthy
A: almost no armour, amphibious, 8 rings, constrict 8, tentacle spike 3,
camouflage 1, gelatinous body 1
a: End Transformation, Evoke Flight, Evoke Teleport Control


You were on level 1 of the Dungeon.
You were not hungry.
One of your tentacles had a temporary spike.
You visited 1 branch of the dungeon, and saw 1 of its levels.

You collected 24 gold pieces.

Inventory:

Missiles
 a - 12 arrows
Jewellery
 d - a ring of teleport control (left tentacle)
 e - an amulet of the gourmand (around mantle)
 f - a ring of flight (right tentacle)
Scrolls
 g - a scroll of identify {unknown}
Potions
 h - 2 potions of curing {unknown}
Books
 b - a book of Changes

   Spells                             Type                      Level
   a - Beastly Appendage              Transmutation                1
   b - Sticks to Snakes               Transmutation                2
   c - Spider Form                    Transmutation/Poison         3
   d - Ice Form                       Ice/Transmutation            4
   e - Blade Hands                    Transmutation                5
Comestibles
 c - 2 bread rations


   Skills:
 - Level 1.0 Fighting
 - Level 2.0 Dodging
 + Level 3.4 Unarmed Combat
 - Level 2.0 Spellcasting
 - Level 2.0 Transmutations


You had 3 spell levels left.
You knew the following spells:

 Your Spells              Type           Power        Failure   Level  Hunger
a - Beastly Appendage     Trmt           #.....       12%         1    #......


Dungeon Overview and Level Annotations

Branches:
Dungeon (1/15)

Altars:


Innate Abilities, Weirdness & Mutations

You cannot wear most types of armour.
You are amphibious.
You can wear up to eight rings at the same time.
You can use your tentacles to constrict eight enemies at once.
Your skin changes colour to match your surroundings (Stealth).
Your rubbery body absorbs attacks (AC +1).
One of your tentacles bears a large vicious spike.


Message History

Casting: Beastly Appendage
Confirm with . or Enter, or press ? or * to list all spells.
One of your tentacles grows a vicious spike.
Your transformation is almost over.
The hobgoblin shouts!
The hobgoblin hits you but does no damage.
You tentacle-slap the hobgoblin but do no damage.
Your grab misses the hobgoblin. The hobgoblin barely misses you.
The giant gecko misses you.
You closely miss the hobgoblin. You grab the hobgoblin.
Your squeeze misses the hobgoblin. You constrict the hobgoblin.
The hobgoblin hits you with a club. The giant gecko closely misses you.
The giant gecko bites you.
You tentacle-slap the hobgoblin. You squeeze the hobgoblin.
The hobgoblin is almost dead.
You constrict the hobgoblin, but do no damage.
The hobgoblin hits you with a club.
The giant gecko hisses menacingly.
The giant gecko bites you.
You die...

### ##.## ##...##
##...).## #...@l..#
#..?gl.....#
♣.......#.#.##
♣..%......#.#
♣...........##...##..
♣...####......>...#.###
♣..# .###...........
..♣.♣.. ...............
#.♣.♣ . .##...........


You could see 2 giant geckos and a hobgoblin.

Vanquished Creatures
  2 goblins (D:1)
  A hobgoblin (D:1)
  A giant newt (D:1)
  2 rats (D:1)
6 creatures vanquished.

Notes
Turn   | Place    | Note
--------------------------------------------------------------
     0 | D:1      | Hanyuu the Octopode Transmuter began the quest for the Orb.
     0 | D:1      | Reached XP level 1. HP: 13/13 MP: 3/3
   166 | D:1      | Slain by a giant gecko

Vault maps used:
D:1:      mrwooster_arrival_statue_3, serial_forest,
          infiniplex_forest_clump_tiny, infiniplex_forest_clump_small,
          infiniplex_forest_lined_room_, infiniplex_forest_straight_2,
          infiniplex_forest_end_3, infiniplex_forest_straight_3,
          infiniplex_forest_straight_3

Action                   || total
-------------------------++-------
Melee: Unarmed           ||    17
 Cast: Beastly Appendage ||     1
 Stab: Sleeping          ||     1
  Eat: Chunk             ||     4
